 Dungeon Crawl Stone Soup version 0.29.1-12-g30fa7ad0bf (webtiles) character file.

Game seed: 3612179048786699170

4 hawla the Firebug (level 2, 0/20 HPs)
             Began as a Meteoran Fire Elementalist on Jan 13, 2023.
             Slain by an orc
             ... wielding a +0 hand axe
              (1 damage)
             ... on level 3 of the Dungeon.
             The game lasted 00:01:02 (133 turns).

hawla the Firebug (Meteoran Fire Elementalist)       Turns: 133, Time: 00:01:02

Health: 0/20       AC:  3    Str:  9    XL:     2   Next: 0%
Magic:  2/6        EV: 12    Int: 16    God:
Gold:   27         SH:  0    Dex: 14    Spells: 3/6 levels left

rFire   . . .      SeeInvis .   (no weapon)
rCold   . . .      Faith    .   (no shield)
rNeg    . . .      Spirit   .   a - +0 robe
rPois   .          Reflect  .   (no helmet)
rElec   .          Harm     .   c - +0 cloak
rCorr   .          Rampage  .   (no gloves)
Will    .....                   (no boots)
Stlth   +.........              (no amulet)
HPRegen 0.06/turn               (no ring)
MPRegen 0.10/turn               (no ring)

@: glowing
A: sense surroundings 1, otherworldly, glowing, explore regen
a: no special abilities


You were on level 3 of the Dungeon.
You visited 1 branch of the dungeon, and saw 3 of its levels.

You collected 27 gold pieces.

Inventory:

Armour
 a - a +0 robe (worn)
 c - a +0 cloak (worn)
Scrolls
 e - a scroll of identify {unknown}
Potions
 b - a potion of magic


   Skills:
 + Level 2.4 Dodging
 - Level 1.4 Stealth
 + Level 2.9 Spellcasting
 + Level 1.2 Conjurations
 + Level 3.9 Fire Magic


You had 3 spell levels left.
You knew the following spells:

 Your Spells              Type           Power      Damage    Failure   Level
a - Foxfire               Conj/Fire      40%        2x1d6     7%          1
b - Scorch                Fire           28%        2d6       6%          2

Your spell library contained the following spells:

 Spells                   Type           Power      Damage    Failure   Level
 Conjure Flame            Conj/Fire      10%        6-21      21%         3
 Inner Flame              Hex/Fire       8%         N/A       26%         3
 Flame Wave               Conj/Fire      10%        2d6       54%         4


Dungeon Overview and Level Annotations

Branches:
Dungeon (3/15) Zot: 1666

Altars:


Innate Abilities, Weirdness & Mutations

You passively map a small area around you.
You are easily found by Zot.
You glow in the dark.
You regain HP and MP as you explore.


Message History

You conjure some foxfire!
The foxfire hits the orc but does no damage.
Casting: Foxfire (safe; 7% risk of failure)
Confirm with . or Enter, or press ? or * to list all spells.
You conjure some foxfire!
The foxfire hits the orc.
The orc is lightly wounded.
The foxfire hits the orc but does no damage. x3
Casting: Foxfire (safe; 7% risk of failure)
Confirm with . or Enter, or press ? or * to list all spells.
You conjure some foxfire!
The orc hits you with a +0 hand axe.
The orc hits your foxfire with a +0 hand axe.
Casting: Foxfire (safe; 7% risk of failure)
Confirm with . or Enter, or press ? or * to list all spells.
You miscast Foxfire.
You are very lightly contaminated with residual magic.
Nothing appears to happen.
The foxfire hits the orc.
The orc is severely wounded.
The foxfire hits the orc.
The orc is almost dead.
An endoplasm comes into view.
The orc misses you.
The endoplasm quivers.
The orc attacks as you move away! The orc hits you with a +0 hand axe.
Casting: Foxfire (safe; 7% risk of failure)
Confirm with . or Enter, or press ? or * to list all spells.
You conjure some foxfire!
The foxfire hits the orc.
The orc is lightly wounded.
The foxfire hits the orc.
The orc is moderately wounded.
The orc hits you with a +0 hand axe.
Your magical contamination has completely faded away.
The orc attacks as you move away! The orc hits you with a +0 hand axe.
* * * LOW HITPOINT WARNING * * *
The orc attacks as you move away! The orc hits you with a +0 hand axe.
* * * LOW HITPOINT WARNING * * *
As you read the scroll labelled QYETUE KUIMUI, it crumbles to dust.
It is a scroll of brand weapon.
You aren't carrying any weapons that can be branded.
The orc hits you with a +0 hand axe.
You die...

#.....# #.# #.#..#
#......# #.#.#.#..#
*
#......####.#.#.#..#
#####....#.#...)..#
*##.##.###....#
#.##....J#....#
#.######.# ##.#
#.######.#..#
#@ooJ.......# *
########.#### #... ,
#####*


You could see 2 orcs and an endoplasm.

Vanquished Creatures
  An orc (D:3)
  An endoplasm (D:1)
  A hobgoblin (D:1)
3 creatures vanquished.

Vanquished Creatures (others)
  15 foxfires
15 creatures vanquished.

Grand Total: 18 creatures vanquished

Notes
Turn   | Place    | Note
-------+----------+-------------------------------------------
     0 | D:1      | hawla the Meteoran Fire Elementalist began the quest for
                  | the Orb.
     0 | D:1      | Reached XP level 1. HP: 14/14 MP: 5/5
   110 | D:3      | Reached XP level 2. HP: 20/20 MP: 4/6
   113 | D:3      | Learned a level 2 spell: Scorch
   132 | D:3      | HP: 1/20 [orc/+0 hand axe (2)]
   133 | D:3      | Slain by an orc

Illustrated notes

Levels and vault maps discovered:
D:1:      roderic_chinese_lattice_arrival, layout_basic, minmay_3d_cube
D:2:      layout_basic, basic_altar, uniq_terence
D:3:      layout_basic, trog_book, mainiacjoe_overflow_alcove_4,
          hellmonk_ecumenical_altar_leap_of_faith

Action                   || total
-------------------------++-------
 Cast: Foxfire           ||     9
  Use: Scroll            ||     2
Armor: Robe              ||     2
Dodge: Dodged            ||     1
